 Dungeon Crawl Stone Soup version 0.30-a0-618-gd6c86c23d0 (webtiles) character file.

Game seed: 9012954240718612284

22 Zonian the Sneak (level 2, -1/15 HPs)
             Began as a Vine Stalker Brigand on Jan 10, 2023.
             Slain by a kobold
             ... wielding a +0 whip
              (2 damage)
             ... on level 1 of the Dungeon.
             The game lasted 00:01:37 (317 turns).

Zonian the Sneak (Vine Stalker Brigand)              Turns: 317, Time: 00:01:38

Health: -1/15      AC:  3    Str: 13    XL:     2   Next: 91%
Magic:  0/3        EV: 12    Int: 11    God:
Gold:   20         SH:  0    Dex: 15    Spells: 1/1 levels left

rFire   . . .      SeeInvis .    a - +2 dagger
rCold   . . .      Faith    .    (no shield)
rNeg    . . .      Spirit   +    b - +0 robe
rPois   .          Reflect  .    (no helmet)
rElec   .          Harm     .    c - +0 cloak
rCorr   .          Rampage  .    (no gloves)
Will    .....                    (no boots)
Stlth   +++                      (no amulet)
HPRegen 0.22/turn                (no ring)
MPRegen 0.08/turn                (no ring)

@: no status effects
A: fangs 2, magic shield, antimagic bite, no potion heal 2
a: no special abilities


You were on level 1 of the Dungeon.
You visited 1 branch of the dungeon, and saw 1 of its levels.

You collected 20 gold pieces.

Inventory:

Hand Weapons
 a - a +2 dagger (weapon)
Missiles
 d - 5 poisoned darts (quivered)
 e - 3 curare-tipped darts
Armour
 b - a +0 robe (worn)
 c - a +0 cloak (worn)
Scrolls
 f - a scroll of amnesia
 h - a scroll of poison {unknown}
Potions
 g - a potion of ambrosia {unknown}
 i - a potion of curing {unknown}


   Skills:
 + Level 2.1 Fighting
 + Level 2.0 Short Blades
 + Level 2.0 Throwing
 + Level 1.1 Dodging
 + Level 5.1 Stealth


You had one spell level left.
You didn't know any spells.
Your spell library was empty.

Dungeon Overview and Level Annotations

Branches:
Dungeon (1/15)

Altars:


Innate Abilities, Weirdness & Mutations

You have extremely sharp teeth.
When hurt, damage is shared between your health and your magic reserves.
Your bite disrupts and absorbs the magic of your enemies.
Potions cannot restore your health.


Message History

The poisoned dart barely misses the quokka.
The poisoned dart barely misses the kobold.
The quokka bites you.
You are too injured to fight recklessly!
Unknown command.
You are too injured to fight recklessly!
You are too injured to fight recklessly!
You are too injured to fight recklessly!
You are too injured to fight recklessly!
You closely miss the quokka. The quokka closely misses you.
You hit the quokka but do no damage. The quokka closely misses you.
The kobold hits you with a +0 whip.
You hit the quokka but do no damage. The quokka bites you.
The kobold hits you with a +0 whip.
* * * LOW HITPOINT WARNING * * *
You hit the quokka. Your bite misses the quokka.
The quokka is severely wounded.
The quokka barely misses you.
Okay, then.
As you read the scroll labelled YTELUO RELOUH, it crumbles to dust.
It is a scroll of amnesia.
You feel forgetful for a moment. The kobold hits you but does no damage.
The quokka bites you but does no damage.
Unknown command.
You hit the quokka. Your bite misses the quokka.
The quokka is almost dead.
The quokka bites you but does no damage.
The kobold hits you with a +0 whip.
* * * LOW HITPOINT WARNING * * *
Unknown command.
You closely miss the quokka. Your bite misses the quokka.
The quokka is almost dead.
The quokka barely misses you. The kobold hits you but does no damage.
Throw: 6 darts (poison)
Press: ? - help, Q - select action, (/) - cycle Shift-Dir - straight line, f - dart slug, p - quokka
Aim: a dart slug (93% to hit)
You throw a poisoned dart. The poisoned dart hits the dart slug.
The dart slug is poisoned.
The quokka barely misses you. The kobold hits you with a +0 whip.
You die...

#.....###..# #.# #.
#..........# ... ##
........#......# ..
#...
............#..## ..
.....##
#.......##.##....#
... ...#
#####............#
.... ..
#.......##.#.†##.....
#......#...##........
#..#.....####@K.(....
#...## #.wr...... #..
#......... .
#......... #.....(...
#......#.# #.........
#####.##.


You could see a dart slug (poisoned), a quokka and a kobold.

Vanquished Creatures
  An endoplasm (D:1)
  A giant cockroach (D:1)
  A goblin (D:1)
  5 hobgoblins (D:1)
  2 bats (D:1)
  A frilled lizard (D:1)
  5 kobolds (D:1)
  4 rats (D:1)
20 creatures vanquished.

Notes
Turn   | Place    | Note
-------+----------+-------------------------------------------
     0 | D:1      | Zonian the Vine Stalker Brigand began the quest for the
                  | Orb.
     0 | D:1      | Reached XP level 1. HP: 11/11 MP: 2/2
   116 | D:1      | Reached skill level 1 in Dodging
   116 | D:1      | Reached XP level 2. HP: 15/15 MP: 3/3
   138 | D:1      | Reached skill level 5 in Stealth
   317 | D:1      | Slain by a kobold

Illustrated notes

Levels and vault maps discovered:
D:1:      heliophobic_arrival_henge, layout_rooms, dreamdust_princess_corridor,
          st_stairs_4

Skill      XL: |  1  2 |
---------------+-------+-----
Dodging        | 1 |  1.1
Stealth        | 5 |  5.1
Fighting       | 2 |  2.1
Short Blades   | 2 |  2.0
Throwing       | 2 |  2.0

Action                   || total
-------------------------++-------
Melee: Dagger            ||    30
       Bite              ||     6
       Punch             ||     1
Throw: Dart              ||    24
  Use: Scroll            ||     1
 Stab: Sleeping          ||     1
Armor: Robe              ||    12
Dodge: Dodged            ||    20

Table legend: (Time is in decaauts)
 A = Elapsed time spent in this place.
 B = Non-inter-level travel time spent in this place.
 C = Inter-level travel time spent in this place.
 D = Time resting spent in this place.
 E = Time spent auto-exploring this place.
 F = Levels seen in this place.
 G = Mean time per level.
                   A        B        C        D        E       F      G
               +--------+--------+--------+--------+--------+-----+--------+
         Total |    311 |    311 |      0 |      0 |    136 |   1 |  311.0 |
       Dungeon |    311 |    311 |      0 |      0 |    136 |   1 |  311.0 |
               +--------+--------+--------+--------+--------+-----+--------+

Top non-repeatable levels by time:
     D:1: 311 daAuts
